[Event "USA-ch Women 2024"]
[Site "Saint Louis"]
[Date "2024.10.17"]
[Round "6.1"]
[White "Pourkashiyan, Atousa"]
[Black "Lee, Megan"]
[Result "1/2-1/2"]
[ECO "D00"]
[WhiteElo "2269"]
[BlackElo "2253"]
[Annotator "RC"]
[PlyCount "138"]
[EventDate "2024.10.09"]
[EventType "tourn"]
[EventCountry "USA"]
[SourceTitle "playchess.com"]
[Source "ChessBase"]
[SourceQuality "1"]
[TimeControl "40/5400+30:1800+30"]

1. d4 Nf6 2. Nc3 d5 3. Bf4 e6 4. Nb5 Na6 5. e3 c6 6. Nc3 c5 7. Nf3 Bd7 8. Ne5 cxd4 9. exd4 Bb4 10. Bxa6 bxa6 11. O-O Bxc3 12. bxc3 Rc8 13. Bg5 Rxc3 14. Ng4 h6 15. Nxf6+ gxf6 16. Bh4 Rg8 17. Qd2 Rc4 18. Qxh6 Rg6 19. Qe3 Rg4 20. Qh6 Rg6 21. Qe3 Rg4 22. Bg3 Rgxd4 23. Rfb1 Bb5 24. c3 Re4 25. Qh6 Ra4 26. h4 Ke7 27. Rb4 Raxb4 28. cxb4 Rxb4 29. Qg7 d4 30. Qg4 Rc4 31. a4 Bxa4 32. h5 Bb5 33. h6 d3 34. Qd1 d2 35. h7 Rd4 36. Bc7 Qh8 37. Qf3 Qxh7 38. Ba5 Qc2 39. Rd1 Qxd1+ 40. Qxd1 Be2 41. Bb4+ Kd8 42. Qxd2 Rxd2 43. Bxd2 Kc7 44. f4 Kb6 45. Kf2 Bc4 46. Ke3 a5 47. Kd4 Bd5 48. g4 Kb5 49. Bc3 Bf3 50. Kd3 Bxg4 51. Bxf6 a4 52. Kc3 Bd1 53. Kb2 Kb4 54. Be7+ Kc4 55. Bd6 Kd5 56. Bc7 Ke4 57. Bd6 f6 58. Bb8 Bb3 59. Bc7 e5 60. fxe5 f5 61. Bb8 a6 62. e6 Bxe6 63. Bc7 f4 64. Bxf4 Kxf4 65. Ka1 Ke3 66. Kb2 Kd2 67. Ka1 Kd1 68. Kb2 a3+ 69. Ka1 Kc1 1/2-1/2

[Event "USA-ch Women 2024"]
[Site "Saint Louis"]
[Date "2024.10.17"]
[Round "6.2"]
[White "Krush, Irina"]
[Black "Atwell, Rose"]
[Result "1-0"]
[ECO "A28"]
[WhiteElo "2388"]
[BlackElo "2185"]
[Annotator "TA"]
[PlyCount "61"]
[EventDate "2024.10.09"]
[EventType "tourn"]
[EventCountry "USA"]
[SourceTitle "playchess.com"]
[Source "ChessBase"]
[SourceQuality "1"]
[TimeControl "40/5400+30:1800+30"]

1. c4 e5 2. Nc3 Nf6 3. Nf3 Nc6 4. e3 Bb4 5. Qc2 O-O 6. Nd5 Re8 7. Bd3 h6 8. a3 Bf8 9. Nxf6+ Qxf6 10. Be4 {[%emt 0:00:31] The position is equal.} d6 11. b4 Bg4 12. Bb2 Ne7 (12... g6 $11) 13. Bxb7 $16 {[%emt 0:05:17] White is more active.} Rab8 14. Be4 c6 {[%emt 0:03:16] [#]} (14... Qe6 $16) 15. d4 $1 $18 Qe6 16. dxe5 dxe5 17. Nxe5 Bh5 (17... Bf5 $142) 18. O-O a5 19. bxa5 f6 20. Bf3 $1 fxe5 $2 (20... Bxf3 21. Nxf3 c5) 21. Bxh5 {[%emt 0:00:10] White is clearly winning.} g6 22. Be2 Nf5 23. c5 {[%emt 0:03:12] [#] Bc4 would now be deadly.} Kh7 24. Rab1 Qe7 25. Rfc1 e4 26. a6 Qg5 27. Ba1 Nh4 28. g3 Bxc5 29. Qc3 Nf5 {[%emt 0:03:19] Prevents Qg7+} 30. Rxb8 Rxb8 31. Qxc5 {[%emt 0:00:14] White took control after the opening.   Weighted Error Value: White=0.07 (flawless) /Black=0.48.  Mistake:       	---       	Black=4      Inaccurate:     	---       	Black=2      OK:         	White=11    	Black=2      Best:        	White=2     	---        Strong:       	White=1     	---} 1-0

[Event "USA-ch Women 2024"]
[Site "Saint Louis"]
[Date "2024.10.17"]
[Round "6.3"]
[White "Lee, Alice"]
[Black "Yu, Jennifer"]
[Result "1-0"]
[ECO "D30"]
[WhiteElo "2395"]
[BlackElo "2267"]
[Annotator "TA"]
[PlyCount "75"]
[EventDate "2024.10.09"]
[EventType "tourn"]
[EventCountry "USA"]
[SourceTitle "playchess.com"]
[Source "ChessBase"]
[SourceQuality "1"]
[TimeControl "40/5400+30:1800+30"]

1. d4 d5 2. c4 c6 3. Nf3 Nf6 4. e3 e6 5. Bd3 Nbd7 6. O-O Bd6 7. Nbd2 b6 8. e4 dxe4 9. Nxe4 Nxe4 {[%emt 0:00:49] The position is equal.} 10. Bxe4 Bb7 11. Qe2 Qc7 12. Rd1 Nf6 13. Bc2 h6 14. b3 c5 15. Bb2 Qe7 (15... cxd4 $11 {remains equal.} 16. Bxd4 Rc8) 16. dxc5 $16 bxc5 {[%emt 0:04:45] [#]} 17. b4 $1 O-O 18. b5 Rfd8 19. a4 {[%emt 0:02:05][%cal Ba2a4,Ba4a5][%mdl 32] White is more active.} a6 {[%emt 0:08:16] [#]} (19... Bc7 $16) 20. a5 $1 $18 axb5 (20... Nd7 $142 21. Be4 Bxe4) 21. cxb5 Bd5 22. Rdb1 c4 23. Bd4 e5 24. Be3 (24. Bxe5 $2 {perishes.} Bxf3 25. gxf3 Qxe5 $19 (25... Bxe5 26. f4 $11)) ({Better is} 24. Bc3 $16) 24... Ng4 $1 $14 25. Bb6 {[%emt 0:00:00] Nd2 would now be deadly.} Rdb8 $2 {[%emt 0:01:15] Black cannot hold the game after this.} (25... e4 $1 $11 {and Black stays safe.} 26. Bxd8 Rxd8) 26. h3 $18 Nf6 27. Nd2 Nd7 28. Nxc4 Bxc4 29. Qxc4 Nxb6 30. axb6 $40 {[%emt 0:00:03][%mdl 128] White attacks with force.} Rxa1 31. Rxa1 {[%emt 0:00:03][%cal Bb1a1,Ba1a6,Ba6d6,Bd6d7][%mdl 32] Black is weak on the light squares} Qf6 $2 {[%emt 0:01:56] [#]} (31... g6 {was necessary.} 32. Ra7 (32. Bxg6 Rxb6 33. Bd3 Bb8 $18) 32... Qf6) 32. b7 $1 g6 (32... Qe6 33. Qc6) 33. Ra6 {[%emt 0:00:14] And now Qd5 would win.} Qe7 34. Qd5 Rxb7 35. Rxd6 Kg7 36. b6 {[%emt 0:00:35] White mates.} Rb8 {[%emt 0:00:25] [#]} 37. Bxg6 $1 Rc8 (37... Rf8 38. Rd7) 38. Rd7 {[%emt 0:00:17] Weighted Error Value: White=0.24 (precise) /Black=0.71.  Loses game:     	---       	Black=1      Mistake:       	White=1     	Black=4      Inaccurate:     	White=5     	Black=3      OK:         	White=9     	Black=6      Best:        	White=1     	Black=1      Strong:       	---       	Black=1} 1-0

[Event "USA-ch Women 2024"]
[Site "Saint Louis"]
[Date "2024.10.17"]
[Round "6.4"]
[White "Abrahamyan, Tatev"]
[Black "Yip, Carissa"]
[Result "0-1"]
[ECO "C54"]
[WhiteElo "2327"]
[BlackElo "2418"]
[Annotator "TA"]
[PlyCount "104"]
[EventDate "2024.10.09"]
[EventType "tourn"]
[EventCountry "USA"]
[SourceTitle "playchess.com"]
[Source "ChessBase"]
[SourceQuality "1"]
[TimeControl "40/5400+30:1800+30"]

1. e4 e5 2. Nf3 Nc6 3. Bc4 Bc5 4. c3 Nf6 5. d4 exd4 6. b4 {[%emt 0:00:24] C54: Giuoco Piano: 4 c3 Nf6, main lines with 5 d4 and 5 d3.} Bb6 7. e5 d5 8. exf6 dxc4 9. Qe2+ Be6 10. fxg7 Rg8 11. b5 Ne7 12. cxd4 Rxg7 13. Nc3 Ba5 14. Bd2 Nd5 $146 ({Predecessor:} 14... Bxc3 15. Bxc3 Rxg2 16. O-O-O Nd5 17. Bb2 Qf6 18. Rhg1 Rxg1 19. Rxg1 O-O-O 20. Ne5 c3 21. Ba3 Qf4+ 22. Kb1 Qxd4 23. Rd1 c2+ 24. Kxc2 Qc3+ {0-1 Torres Bosch,J (2165)-Lacrosse,M (2056) Alicante IRT op 15th 2021 (7)}) 15. Qe5 f6 16. Qh5+ Bf7 17. Qh6 Rg6 18. Qxh7 Bxc3 19. Bxc3 Nxc3 20. O-O Qd5 (20... Nxb5 21. Nh4 Rg5 22. Rae1+ Kf8 23. Qh8+ Bg8 24. Qh6+ Kf7 25. f4 $11) 21. Rae1+ Kf8 22. Nh4 Rg7 23. Qh8+ Bg8 24. Re3 Ne4 (24... Nxb5 25. Rg3 Qf7 (25... Rxg3 $2 26. fxg3 Ke8 27. Qg7 $19) 26. Qh6 $19) (24... Nxa2 25. Rfe1 Qg5 (25... Qxd4 $2 26. Nf5 $18) 26. f4 (26. Rg3 Re7 $11) 26... Qxf4 27. Rf3 Qxd4+ 28. Kh1 $14) (24... Qxd4 $2 25. Nf5 (25. Qxg7+ Kxg7 26. Nf5+ Kf8 $18) 25... Rh7 26. Qxh7 (26. Nxd4 Rxh8 27. Rxc3 Rd8 $15) 26... Bxh7 27. Nxd4 $18) 25. Qh6 Qg5 (25... Qxd4 $2 26. Nf5 Qd7 27. Nxg7 (27. Qxg7+ Qxg7 28. Nxg7 Nd2 $18) 27... Qxg7 28. Qxg7+ Kxg7 29. Rxe4 $18) 26. Qxg5 Nxg5 27. f4 Nh7 28. Rfe1 Rg4 29. g3 Bf7 (29... Rg7 $1 $19 {has better winning chances. Threatens to win with ...Rd7.} 30. Kf2 Rd7) 30. Kf2 {[%emt 0:00:27] [#]} (30. Nf5 $17 {might work better.}) 30... Re8 (30... f5 $1 $19 {[%cal Og4h4] And now ...Rxh4! would win.} 31. Re7 Rc8 32. Nxf5 Nf6) 31. Ra3 $17 Rxe1 32. Kxe1 Bd5 33. Nf5 Be4 34. Ne3 Rg7 35. Rxa7 Rd7 36. d5 c3 37. Rxb7 {[%emt 0:00:36] [#]} Re7 $1 (37... Bxd5 $6 38. Nxd5 Rxd5 39. Rxc7 Rxb5 40. Kd1 $11) 38. b6 cxb6 (38... Bxd5 39. Rb8+ Kf7 40. Kf2 $19) 39. Rxb6 $2 (39. Rb8+ $17 {nothing else works.} Re8 40. Rxe8+ Kxe8 41. Kd1) 39... Bxd5 $19 40. Kf2 Rc7 ({Weaker is} 40... Bxa2 41. Rc6 $17) 41. Rb1 Be4 (41... Bxa2 42. Rc1 f5 43. Nxf5 $19) 42. Rc1 f5 43. h3 Nf6 44. g4 Nd5 45. Nxd5 Bxd5 46. Ke3 Be4 47. gxf5 Bxf5 48. a4 c2 49. a5 Ra7 50. Kd2 Rxa5 ({Not} 50... Bxh3 51. Rxc2 Rxa5 52. Rc6 $15) 51. Rg1 Rd5+ 52. Kc1 Rb5 0-1

[Event "USA-ch Women 2024"]
[Site "Saint Louis"]
[Date "2024.10.17"]
[Round "6.5"]
[White "Paikidze, Nazi"]
[Black "Zatonskih, Anna"]
[Result "1/2-1/2"]
[ECO "D05"]
[WhiteElo "2314"]
[BlackElo "2312"]
[Annotator "RC"]
[PlyCount "86"]
[EventDate "2024.10.09"]
[EventType "tourn"]
[EventCountry "USA"]
[SourceTitle "playchess.com"]
[Source "ChessBase"]
[SourceQuality "1"]
[TimeControl "40/5400+30:1800+30"]

1. d4 d5 2. Nf3 e6 3. e3 Nf6 4. Bd3 Bd6 5. b3 O-O 6. Bb2 b6 7. Nbd2 Bb7 8. Ne5 Ne4 9. Bxe4 dxe4 10. Qg4 Qe7 11. Nec4 f5 12. Qe2 Nd7 13. Nxd6 cxd6 14. h3 Nf6 15. c4 Qf7 16. O-O-O a5 17. g4 d5 18. gxf5 exf5 19. Kb1 a4 20. Rhg1 Rfc8 21. Rg5 axb3 22. axb3 Ba6 23. Rdg1 Ne8 24. Qh5 Qxh5 25. Rxh5 Nd6 26. Ba3 Bxc4 27. Nxc4 Nxc4 28. Bb4 Na5 29. Bxa5 bxa5 30. Rxf5 Rab8 31. Rxd5 Rxb3+ 32. Ka2 a4 33. Rc5 Rxc5 34. dxc5 Rc3 35. Rg5 Kf7 36. Kb2 Rc4 37. Rg4 h5 38. Rg5 g6 39. h4 Kf6 40. Rd5 Kf7 41. Rg5 Kf6 42. Rd5 Kf7 43. Rg5 Kf6 1/2-1/2

[Event "USA-ch Women 2024"]
[Site "Saint Louis"]
[Date "2024.10.17"]
[Round "6.6"]
[White "Tokhirjonova, Gulrukhbegim"]
[Black "Cervantes Landeiro, Thalia"]
[Result "1-0"]
[ECO "D00"]
[WhiteElo "2374"]
[BlackElo "2302"]
[Annotator "TA"]
[PlyCount "89"]
[EventDate "2024.10.09"]
[EventType "tourn"]
[EventCountry "USA"]
[SourceTitle "playchess.com"]
[Source "ChessBase"]
[SourceQuality "1"]
[TimeControl "40/5400+30:1800+30"]

1. d4 d5 2. Nc3 Nf6 3. Bf4 c6 4. e3 Bf5 5. f3 e6 6. g4 Bg6 7. h4 {[%emt 0:00:18] Threatens to win with h5.} h5 8. g5 {[%emt 0:00:21] White is slightly better.} Ng8 9. Bd3 Bxd3 10. Qxd3 Bd6 11. g6 {[%emt 0:03:13] aiming for gxf7+.} f6 12. Nge2 Ne7 13. O-O-O Qc7 14. Bxd6 Qxd6 15. e4 Nd7 (15... Na6 $142) 16. f4 $11 f5 17. e5 Qc7 18. Rhg1 O-O-O 19. Na4 Rh6 20. Qa3 Nxg6 21. Rd3 {[%emt 0:01:27] With the idea Nc5.} Qa5 22. b4 Qa6 23. Qb3 Rg8 ({Better is} 23... Nxh4 $11 24. Rxg7 Rg6) 24. Nc5 Nxc5 25. dxc5 Ne7 (25... Nxh4 $11 {keeps the balance.} 26. b5 cxb5 (26... Qxb5 27. Qxb5 cxb5 28. Rdg3 $15)) 26. Nd4 $16 Qc4 27. a4 $2 (27. Qb2 $1 $16 {is forced if you want to stay better. Rgd1 would now be deadly.} Ng6 28. Rf1 (28. Nxe6 $2 Nxf4 29. Nxf4 Qxf4+ 30. Kb1 Qxh4 $19)) 27... Rg6 $17 28. Rgd1 Qxb3 29. Rxb3 Rg4 30. Nxe6 Rxh4 31. b5 Kd7 (31... Rg4 $17) 32. Nd4 $1 $11 {[%emt 0:02:07] bxc6+ is the strong threat.} Rc8 33. bxc6+ bxc6 34. Rf1 {[%emt 0:00:40] Black must now prevent a5.} Rg4 {[%emt 0:02:41] [#]} (34... g5 $11 {remains equal.}) 35. a5 $1 $16 {[%emt 0:00:47][%cal Ba4a5,Ba5a6][%mdl 1056] And now a6 would win. White has strong compensation. White is much more active.} (35. Rb7+ $6 Rc7 36. Rb8 Rc8 37. Rb7+ Rc7 $11) 35... Kc7 $2 {[%emt 0:01:58][%mdl 8192] [#] This costs Black the game.} (35... a6 $16 {is a better chance.}) 36. a6 $1 $18 Rb8 37. Rff3 h4 38. Ne6+ Kc8 (38... Kd7 $18 39. Rxb8 Kxe6) 39. Rxb8+ {[%emt 0:00:26] White mates.} Kxb8 {[%emt 0:00:01] KRN-KRN} 40. Rb3+ Kc8 41. Rb7 h3 42. Rc7+ (42. Rxe7 h2 $11) 42... Kb8 43. Rxe7 Kc8 44. Rc7+ (44. Nxg7 h2 45. Re8+ (45. Rxa7 $2 h1=Q+ 46. Kb2 Rg1 $19) 45... Kd7 46. e6+ Kc7 $16) 44... Kb8 45. Rd7 {[%emt 0:00:00] Weighted Error Value: White=0.14 (very precise) /Black=0.46.  Loses game:     	---       	Black=1      Mistake:       	White=1     	Black=6      Inaccurate:     	White=2     	---        OK:         	White=17    	Black=13     Best:        	White=2     	Black=1      Strong:       	White=3     	---} (45. Rxc6 h2 46. Rd6 h1=Q+ $16 (46... h1=R+ 47. Kb2 Rh8 48. c6 g6 49. c7+ Kc8 50. Rd8+)) 1-0